 Dungeon Crawl Stone Soup version 0.25.0-11-g1f837a76a1 (webtiles) character file.

Game seed: 11229179644288141561

184 turncount the Chopper (level 5, 37/49 HPs)
             Began as a Deep Dwarf Fighter on June 27, 2020.
             Quit the game on level 5 of the Dungeon.
             The game lasted 00:12:10 (845 turns).

turncount the Chopper (Deep Dwarf Fighter)           Turns: 845, Time: 00:12:10

Health: 37/49      AC:  6    Str: 20    XL:     5   Next: 36%
Magic:  4/4        EV:  7    Int:  9    God:
Gold:   81         SH:  9    Dex: 12    Spells: 4/4 levels left

rFire    . . .     SeeInvis .   a - +0 war axe
rCold    . . .     Gourm    .   c - +0 kite shield
rNeg     . . .     Faith    .   b - +0 scale mail
rPois    .         Spirit   .   (no helmet)
rElec    .         Reflect  .   (no cloak)
rCorr    .         Harm     .   (no gloves)
MR       .....                  (no boots)
Stlth    ..........             (no amulet)
HPRegen  0.00/turn              (no ring)
MPRegen  0.09/turn              (no ring)

@: non-regenerating
A: damage resistance, heal wounds, sense surroundings 1, no regeneration
a: Heal Wounds


You were on level 5 of the Dungeon.
You were not hungry.

You visited 1 branch of the dungeon, and saw 5 of its levels.

You collected 81 gold pieces.

Inventory:

Hand Weapons
 a - a +0 war axe (weapon)
Armour
 b - a +0 scale mail (worn)
 c - a +0 kite shield (worn)
Wands
 I - a wand of iceblast (9)
Scrolls
 f - a scroll of identify {unknown}
 g - a scroll of fog {unknown}
 i - a scroll of remove curse {unknown}
 j - a scroll of magic mapping {unknown}
 k - a scroll of fear {unknown}
 l - a scroll of random uselessness {unknown}
Potions
 d - a potion of might {@q4}
 e - 4 potions of heal wounds {unknown}
 h - a potion of cancellation {unknown}
 m - 2 potions of curing {unknown}
Comestibles
 z - 3 rations


   Skills:
 - Level 3.0 Fighting
 + Level 5.9 Axes
 - Level 3.2 Armour
 - Level 3.2 Shields
 - Level 1.0 Evocations


You had 4 spell levels left.
You didn't know any spells.
Your spell library was empty.

Dungeon Overview and Level Annotations

Branches:
Dungeon (5/15)
 Temple: D:4-7

Altars:
Gozag
Kikubaaqudgha
Nemelex Xobeh
Qazlal
Ru
Trog


Innate Abilities, Weirdness & Mutations

You are resistant to damage.
You can heal yourself by infusing magical energy.
You passively map a small area around you.
You do not regenerate.


Message History

Unknown command.
A shadow imp comes into view.
The shadow imp shouts!
You slash the shadow imp!
You kill the shadow imp!
Unknown command.
Unknown command.
Found a bloodstained altar of Trog.
Found a sacrificial altar of Ru.
Found a stormy altar of Qazlal.
Found an ancient bone altar of Kikubaaqudgha.
Found an opulent altar of Gozag.
There is an open door here.
An adder comes into view.
The adder hisses angrily.
Unknown command.
Unknown command.
Unknown command.
Unknown command.
Are you sure you want to abandon this character and quit the game? (Confirm with "yes".)

#........#
##...## #.###
########.# ##+##
#..## #.# ####⌠
#.# ## ####.####
* * #_
#.......#* ,, ,
## #.##.##.## *,
# # #.....# **
,* * *####.@# *
* *
*..S............
,
*###########....
*## , * , , , *
* * *


You could see an adder.

Vanquished Creatures
  A scorpion
  A hound
  An orc priest
  An adder
  A shadow imp
  2 adder skeletons
  3 worms
  A dart slug
  6 orcs
  A giant cockroach
  3 goblins
  3 hobgoblins
  7 kobolds
  A ball python
  A ball python skeleton
  2 frilled lizards
  A giant cockroach zombie
  4 rats
40 creatures vanquished.

Notes
Turn   | Place    | Note
-------+----------+-------------------------------------------
     0 | D:1      | turncount the Deep Dwarf Fighter began the quest for the
                  | Orb.
     0 | D:1      | Reached XP level 1. HP: 20/20 MP: 1/1
   131 | D:2      | HP: 3/20 [worm (2)]
   135 | D:2      | Reached skill level 3 in Axes
   135 | D:2      | Reached XP level 2. HP: 24/27 MP: 2/2
   327 | D:3      | Reached skill level 4 in Axes
   327 | D:3      | Reached XP level 3. HP: 13/33 MP: 3/3
   454 | D:4      | Reached XP level 4. HP: 31/40 MP: 3/3
   577 | D:4      | Reached skill level 5 in Axes
   585 | D:3      | Reached skill level 3 in Fighting
   585 | D:3      | Reached skill level 1 in Evocations
   590 | D:3      | Found a sparkling altar of Nemelex Xobeh.
   675 | D:4      | HP: 7/42 [scorpion (4)]
   680 | D:4      | Reached XP level 5. HP: 37/49 MP: 4/4
   706 | D:5      | Entered Level 5 of the Dungeon
   750 | D:5      | Found a bloodstained altar of Trog.
   754 | D:5      | Found a sacrificial altar of Ru.
   755 | D:5      | Found a stormy altar of Qazlal.
   757 | D:5      | Found an ancient bone altar of Kikubaaqudgha.
   759 | D:5      | Found an opulent altar of Gozag.
   845 | D:5      | Quit the game

Illustrated notes

Levels and vault maps discovered:
D:1:      matt_arrival_spirals, layout_loops_ring, minmay_misc_feat_nine_boxes,
          minmay_distorted
D:2:      layout_basic
D:3:      minmay_spotlight, layout_loops_corners,
          nemelex_xobeh_ov_fountains_minmay, first_ration, serial_undead,
          serial_undead_d, serial_undead_f, serial_undead_e, serial_undead_a,
          minmay_misc_feat_five, chequers_serial_rivers_micro_d,
          guppyfry_early_lair_pool
D:4:      layout_cave_pods, minmay_stone_trees_large
D:5:      layout_loops_corners, minitemple, small_statue_intersection

Skill      XL: |  1  2  3  4 |
---------------+-------------+-----
Axes           | 3 4 5 |  5.9
Fighting       | 3 |  3.0
Evocations     | 1 |  1.0
Armour         | |  3.2
Shields        | |  3.2

Action                   |  1- 3 |  4- 6 || total
-------------------------+-------+-------++-------
Melee: War axe           |    91 |    31 ||   122
 Abil: Heal Wounds       |     2 |     1 ||     3
Armor: Scale mail        |    43 |    11 ||    54
Dodge: Dodged            |    33 |     9 ||    42
Block: Kite shield       |    54 |    17 ||    71
